 Dungeon Crawl Stone Soup version 0.18-a0-24-g6e14259 (webtiles) character file.

7 Duffy the Chopper (level 2, 0/28 HPs)
             Began as a Naga Berserker on Nov 3, 2015.
             Was a Follower of Trog.
             Slain by an ooze (2 damage)
             ... on level 1 of the Dungeon.
             The game lasted 00:00:20 (298 turns).

Duffy the Chopper (Naga Berserker)                   Turns: 298, Time: 00:00:20

Health: 0/28       AC:  1    Str: 19    XL:     2   Next: 0%
Magic:  2/2        EV:  9    Int:  7    God:    Trog [*.....]
Gold:   50         SH:  0    Dex: 10    Spells: 0 memorised, 1 level left

rFire  . . .     SeeInvis +     a - +0 hand axe
rCold  . . .     Clarity  .     b - +0 animal skin
rNeg   . . .     SustAt   .     (no shield)
rPois  +         Gourm    .     (no helmet)
rElec  .         Spirit   .     (no cloak)
rCorr  .         Warding  .     (no gloves)
rMut   .         Stasis   .     (no barding)
MR     .....                    (no amulet)
Stlth  +.........               (no ring)
                                (no ring)

@: very slow, not resistant to hostile enchantments, very unstealthy
A: see invisible, deformed body, poison resistance, slowness 2, slow metabolism
1, spit poison 2, AC +0
a: Spit Poison, Berserk, Burn Spellbooks, Renounce Religion


You were on level 1 of the Dungeon.
You worshipped Trog.
Trog was aware of your devotion.
You were not hungry.

You visited 1 branch of the dungeon, and saw 1 of its levels.

You collected 50 gold pieces.


Innate Abilities, Weirdness & Mutations

You cannot wear boots.
Your serpentine skin is tough (AC +0).
You have supernaturally acute eyesight.
Armour fits poorly on your strangely shaped body.
Your system is resistant to poisons.
You cover ground very slowly.
You have a slow metabolism.
You can spit poison.


   Skills:
 - Level 3.0 Fighting
 + Level 3.5 Axes
 - Level 1.5 Armour
 - Level 1.5 Dodging


You had one spell level left.
You didn't know any spells.

Inventory:

Hand Weapons
 a - a +0 hand axe (weapon)
Armour
 b - a +0 animal skin (worn)
Scrolls
 d - a scroll of identify {unknown}
Comestibles
 c - a bread ration

Dungeon Overview and Level Annotations

Branches:
Dungeon (1/15)

Altars:


Message History

You see here a stone.
The kobold throws a stone.
The stone hits you. The ooze hits you.
You see here a stone.
You hit the ooze.
The ooze is heavily wounded.
The ooze hits you.
You are too injured to fight recklessly!
You are too injured to fight recklessly!
You are too injured to fight recklessly!
You are too injured to fight recklessly!
You are too injured to fight recklessly!
You are too injured to fight recklessly!
You are too injured to fight recklessly!
You are too injured to fight recklessly!
You are too injured to fight recklessly!
You are too injured to fight recklessly!
You are too injured to fight recklessly!
You are too injured to fight recklessly!
You are too injured to fight recklessly!
You are too injured to fight recklessly!
You are too injured to fight recklessly!
You are too injured to fight recklessly!
You are too injured to fight recklessly!
You are too injured to fight recklessly!
You are too injured to fight recklessly!
You are too injured to fight recklessly!
You are too injured to fight recklessly!
You are too injured to fight recklessly!
You are too injured to fight recklessly!
You are too injured to fight recklessly!
You are too injured to fight recklessly!
The kobold hits you with a short sword. The ooze hits you.
The kobold hits you with a short sword! The ooze hits you.
You die...

###
###############.##
####
........†........#
#...##
###############..#
.....#
##.######.....#
###@##.........#
#...JK..#......# ##
.....###...(..^...#
#.... #####
#..#.(.....## ....#
#.##....#### ...#
#. ##...# #.# #.
#...# ..##> ..
..### ..... .. ..#


You could see an ooze and a kobold.

Action                   || total
-------------------------++-------
Melee: Hand axe          ||    20

Notes
Turn   | Place    | Note
--------------------------------------------------------------
     0 | D:1      | Duffy the Naga Berserker began the quest for the Orb.
     0 | D:1      | Reached XP level 1. HP: 21/21 MP: 1/1
     3 | D:1      | Noticed an electric eel
     3 | D:1      | Noticed an electric eel
   207 | D:1      | Reached XP level 2. HP: 22/28 MP: 2/2
   298 | D:1      | Slain by an ooze

Vault maps used:
D:1:      arrival_aquarium_b

Vanquished Creatures
  A giant gecko
  A hobgoblin
  2 giant newts
  A kobold
  2 rats
7 creatures vanquished.
